 Dungeon Crawl Stone Soup version 0.30-b1-2-g02819fbbbe (webtiles) character file.

Game seed: 3008983819697233179

4214 Ashen the Fighter (level 10, -7/104 HPs)
             Began as an Ogre Summoner on Aug 9, 2023.
             Was a Believer of Sif Muna.
             Shot with an arrow by a centaur (11 damage)
             ... on level 8 of the Dungeon.
             The game lasted 00:24:03 (6828 turns).

Ashen the Fighter (Ogre Summoner)                   Turns: 6828, Time: 00:24:04

Health: -7/104     AC:  3    Str: 11 (14) XL:     10   Next: 29%
Magic:  15/21      EV: 15    Int: 17 (20) God:    Sif Muna [**....]
Gold:   348        SH:  0    Dex:  6 (9)  Spells: 15/24 levels left

rFire   + . .        q - +5 giant club
rCold   . . .        (shield currently unavailable)
rNeg    . . .        A - +0 robe {rF+}
rPois   .            (helmet restricted)
rElec   .            (no cloak)
rCorr   .            (gloves unavailable)
SInv    .            (boots unavailable)
Will    +....        f - amulet of regeneration
Stlth   +            k - +5 ring of evasion
HPRegen 1.17/turn    (no ring)
MPRegen 0.17/turn

%: no passive effects
@: slowed, very slow
A: large, unfitting armour, tough skin 1
a: Renounce Religion, Channel Magic


You were on level 8 of the Dungeon.
You worshipped Sif Muna.
Sif Muna was pleased with you.
You visited 1 branch of the dungeon, and saw 8 of its levels.

You collected 451 gold pieces.
You spent 103 gold pieces at shops.

Inventory:

Hand Weapons
 a - a +0 dagger of electrocution
 q - a +5 giant club (weapon)
 r - a +0 whip of freezing
 B - a +0 giant spiked club
Missiles
 u - a throwing net
Armour
 A - a +0 robe of fire resistance (worn)
Jewellery
 f - an amulet of regeneration (around neck)
 k - a +5 ring of evasion (left hand)
Wands
 v - a wand of mindburst (1)
Scrolls
 c - 2 scrolls of poison {unknown}
 h - 4 scrolls of teleportation {unknown}
 l - 2 scrolls of enchant armour {unknown}
 m - 6 scrolls of identify {unknown}
 p - a scroll of vulnerability {unknown}
 s - a scroll of blinking {unknown}
 t - 2 scrolls of fog {unknown}
 w - 2 scrolls of enchant weapon {unknown}
 y - a scroll of fear {unknown}
 z - a scroll of noise {unknown}
Potions
 b - a potion of magic
 d - 3 potions of might {unknown}
 e - a potion of brilliance {unknown}
 g - a potion of attraction {unknown}
 i - 3 potions of degeneration
 j - 4 potions of curing {unknown}
 n - a potion of berserk rage {unknown}
 o - a potion of mutation {unknown}
 C - a potion of flight {unknown}


   Skills:
 + Level 8.0 Fighting
 + Level 5.5 Maces & Flails
 + Level 6.3 Dodging
 - Level 2.1 Stealth
 + Level 7.6 Spellcasting
 + Level 7.1 Summonings


You had 15 spell levels left.
You knew the following spells:

 Your Spells              Type           Power      Damage    Failure   Level
a - Summon Small Mammal   Summ           100%       N/A       1%          1
b - Call Imp              Summ           60%        N/A       1%          2
c - Call Canine Familiar  Summ           30%        N/A       1%          3
d - Summon Guardian Gole  Hex/Summ       18%        N/A       8%          3

Your spell library contained the following spells:

 Spells                   Type           Power      Damage    Failure   Level
 Apportation              Tloc           12%        N/A       11%         1
 Necrotise                Necr           24%        1d5       11%         1
 Slow                     Hex            24%        N/A       11%         1
 Ensorcelled Hibernation  Hex/Ice        12%        N/A       16%         2
 Passwall                 Tmut/Erth      5%         N/A       16%         2
 Summon Lightning Spire   Summ/Air       18%        N/A       26%         4
 Confusing Touch          Hex            6%         N/A       32%         3
 Spider Form              Tmut/Pois      6%         N/A       32%         3
 Swiftness                Air            6%         N/A       32%         3
 Vampiric Draining        Necr           6%         2d6       32%         3
 Vhi's Electric Charge    Tloc/Air       12%        N/A       32%         3
 Anguish                  Hex/Necr       3%         N/A       71%         4
 Arcjolt                  Conj/Air       3%         1d13      96%         5
 Plasma Beam              Fire/Air       3%         2x1d14    100%        6


Dungeon Overview and Level Annotations

Branches:
Dungeon (8/15)             Temple (0/1) D:5
   Lair: D:8-11

Altars:
Cheibriados
Hepliaklqana
Makhleb
Okawaru
Sif Muna
Xom
Yredelemnul

Shops:
D:4 *   D:5 (


Innate Abilities, Weirdness & Mutations

You are too large for most types of armour.
You have tough skin. (AC +1)


Message History

The centaur shoots an arrow.
The arrow hits you.
* * * LOW HITPOINT WARNING * * *
Okay, then.
Aiming: Charm
Press: ? - help, Shift-Dir - straight line, f - sky beast
Aim: a sky beast (moderately wounded, ally target, chance to affect: 49%)
The sky beast resists with some effort.
The now-empty wand crumbles to dust.
You feel yourself speed up. The hornet closely misses you.
The centaur shoots an arrow.
The arrow hits you.
* * * LOW HITPOINT WARNING * * *
Your wolf bites the sky beast!
The sky beast barely misses your wolf. The hornet stings you.
* * * LOW HITPOINT WARNING * * *
You feel yourself slow down. The bullfrog completely misses you.
The centaur shoots an arrow.
The arrow completely misses you.
The arrow hits the bullfrog.
Your wolf closely misses the sky beast.
The sky beast hits your wolf. The sky beast shocks your wolf.
Aiming: Mindburst
Press: ? - help, Shift-Dir - straight line, f - hornet, p - sky beast
Aim: a hornet (chance to affect: 55%)
The hornet's mind is blasted!
You feel yourself speed up. The hornet closely misses you.
Your wolf bites the sky beast.
The bullfrog barely misses you.
The centaur shoots an arrow.
The arrow barely misses you.
The arrow misses the bullfrog.
The hornet stings you!
* * * LOW HITPOINT WARNING * * *
You feel yourself slow down.
Your wolf misses the sky beast. The bullfrog closely misses you.
The centaur shoots an arrow.
The arrow hits you!
* * * LOW HITPOINT WARNING * * *
The kobold brigand hits your wolf with a +0 dagger.
The sky beast barely misses your wolf. The hornet misses you.
Your wolf barely misses the kobold brigand.
It was a potion of degeneration.
There was something very wrong with that liquid.
You feel weakened.
You feel dopey.
You feel clumsy. The bullfrog barely misses you.
The centaur shoots an arrow.
The arrow hits you!
You die...

##.......................
##......................
#......................
###.####c...###........
#.........### #........
#.........# #########
#..>......# #.........#
#.....@...# #....FyY..#
#.......hK.#
...........#####
...............#
...........###K#
...............#
#...#...#...#..#
###.....###...#


You could see a hornet, a sky beast (distracted), a kobold brigand (ally
target), a bullfrog, a centaur and a friendly wolf (summoned).

Vanquished Creatures
  A hornet (D:8)
  2 yaks (D:8)
  A water moccasin (D:8)
  2 ice beasts
  A centaur (D:7)
  A phantom (D:5)
  3 bullfrogs
  A scorpion (D:7)
  4 wights (D:7)
  A howler monkey (D:5)
  6 hounds
  4 orc priests
  4 iguanas
  2 sleepcaps
  3 orc wizards
  4 gnolls (D:5)
  2 adders
  A shadow imp (D:6)
  An ufetubus (D:6)
  A worm (D:3)
  2 dart slugs
  23 orcs
  6 ball pythons
  12 bats
  6 endoplasms
  3 giant cockroaches
  5 goblins
  8 hobgoblins
  14 jackals
  2 quokkas
  3 frilled lizards
  5 kobolds
  7 rats
141 creatures vanquished.

Vanquished Creatures (collateral kills)
  Pikel (D:5)
  2 yaks (D:8)
  A black bear (D:6)
  A scorpion (D:6)
  2 killer bees (D:8)
  3 jellies
  An orc priest (D:8)
  An orc wizard (D:8)
  A gnoll (D:1)
  2 adders
  5 orcs
  A ball python (D:1)
  4 hobgoblins
  4 jackals (D:1)
29 creatures vanquished.

Vanquished Creatures (others)
  A two-headed ogre (D:8)
  A black bear (D:5)
  A kobold brigand (D:8)
  3 killer bees (D:8)
  3 plants (D:4)
9 creatures vanquished.

Grand Total: 179 creatures vanquished

Notes
Turn   | Place    | Note
-------+----------+-------------------------------------------
     0 | D:1      | Ashen the Ogre Summoner began the quest for the Orb.
     0 | D:1      | Reached XP level 1. HP: 16/16 MP: 3/3
   159 | D:1      | Reached XP level 2. HP: 22/24 MP: 1/5
   411 | D:1      | You fall into a shaft and drop 1 floor!
   416 | D:2      | Learned a level 2 spell: Call Imp
   502 | D:1      | Reached XP level 3. HP: 31/31 MP: 7/7
   549 | D:1      | Learned a level 3 spell: Call Canine Familiar
   629 | D:1      | Found a faded altar of an unknown god.
   629 | D:1      | Noticed an eye of devastation
   633 | D:1      | Noticed a shining eye
   640 | D:1      | Noticed a great orb of eyes
   664 | D:1      | Noticed a floating eye
  1070 | D:2      | Reached XP level 4. HP: 27/39 MP: 2/8
  1592 | D:2      | Found a snail-covered altar of Cheibriados.
  1725 | D:3      | Found an iron altar of Okawaru.
  1768 | D:3      | Found a shimmering blue altar of Sif Muna.
  1886 | D:3      | Became a worshipper of Sif Muna the Loreminder
  2157 | D:3      | Reached XP level 5. HP: 45/46 MP: 10/10
  2299 | D:3      | Found a basalt altar of Yredelemnul.
  2494 | D:4      | Reached skill level 1 in Fighting
  2509 | D:4      | Learned a level 3 spell: Summon Guardian Golem
  2525 | D:4      | Found Xum Wygg's Assorted Antiques.
  2715 | D:4      | Reached skill level 1 in Maces & Flails
  2751 | D:4      | Found a hazy altar of Hepliaklqana.
  2753 | D:4      | Found a burning altar of Makhleb.
  2795 | D:4      | Reached XP level 6. HP: 57/57 MP: 4/11
  2870 | D:4      | Reached skill level 2 in Fighting
  2908 | D:4      | Reached * piety under Sif Muna
  3586 | D:5      | Entered Level 5 of the Dungeon
  3586 | D:5      | Noticed Pikel
  3650 | D:5      | Found Ceheh's Antique Weapon Shop.
  3653 | D:5      | Bought a glowing giant club for 103 gold pieces
  3726 | D:5      | Killed Pikel
  3727 | D:5      | Reached skill level 4 in Fighting
  3727 | D:5      | Reached skill level 5 in Summonings
  3727 | D:5      | Reached XP level 7. HP: 33/70 MP: 2/14
  3810 | D:5      | Found a staircase to the Ecumenical Temple.
  3927 | D:5      | Reached XP level 8. HP: 63/78 MP: 15/15
  4011 | D:5      | Reached skill level 5 in Spellcasting
  4088 | D:5      | Found a shimmering altar of Xom.
  4324 | D:5      | Reached skill level 5 in Fighting
  5315 | D:6      | Reached skill level 5 in Dodging
  5315 | D:6      | Reached XP level 9. HP: 89/89 MP: 15/18
  5681 | D:7      | Reached skill level 6 in Fighting
  5945 | D:7      | Reached ** piety under Sif Muna
  6428 | D:8      | Reached skill level 7 in Fighting
  6443 | D:8      | Reached skill level 5 in Maces & Flails
  6476 | D:8      | Reached XP level 10. HP: 66/102 MP: 12/20
  6522 | D:8      | Noticed a two-headed ogre
  6536 | D:8      | Killed a two-headed ogre
  6632 | D:8      | Reached skill level 8 in Fighting
  6827 | D:8      | HP: 2/104 [centaur/arrow (12)]
  6828 | D:8      | Shot with an arrow by a centaur

Illustrated notes

Levels and vault maps discovered:
D:1:      nagdon_arrival_double_spiral, layout_basic,
          hellmonk_ecumenical_altar_watching_god, minmay_parallelograms
D:2:      layout_loops_cross, basic_altar, minmay_between
D:3:      layout_basic, okawaru_metal_pillars_1_2, lemuel_crystal_altar,
          lemuel_coloured_pillars_altar, minivault_25
D:4:      dreamdust_elfheim, layout_basic, nicolae_overflow_hidden_temple,
          serial_shops, nicolae_shop_overgrown_old_shop, serial_bayou_ford_a
D:5:      nicolae_BIG_FREAKIN_CUBE, layout_gridville,
          mainiacjoe_overflow_cross_hatched, nicolae_stop_n_shop_1, hex_tiny,
          grunt_tough_drop, uniq_pikel
D:6:      layout_basic
D:7:      lemuel_ice_spiral_2, layout_rooms
D:8:      layout_basic, hangedman_ru_absence, gammafunk_temple_overflow_wave,
          ebering_ghost_funeral_grove, minmay_fractal_squares_diagonal_5

Skill      XL: |  1  2  3  4  5  6  7  8  9 10 |
---------------+-------------------------------+-----
Dodging        | 2 3 4 5 6 |  6.3
Spellcasting   | 3 4 6 7 |  7.6
Stealth        | 2 |  2.1
Summonings     | 4 5 6 7 |  7.1
Fighting       | 1 4 5 7 8 |  8.0
Maces & Flails | 1 2 4 5 |  5.5

Action                     |  1- 3 |  4- 6 |  7- 9 | 10-12 || total
---------------------------+-------+-------+-------+-------++-------
  Melee: Unarmed           |    22 |       |       |       ||    22
         Mace              |    94 |   116 |       |       ||   210
         Punch             |     4 |     1 |       |       ||     5
         Flail             |       |   141 |       |       ||   141
         Giant club        |       |     7 |   186 |    14 ||   207
         Whip              |       |       |    19 |       ||    19
         Dagger            |       |       |     3 |       ||     3
   Cast: Summon Small Mamm |    15 |       |       |       ||    15
         Call Imp          |     2 |     4 |     2 |     2 ||    10
         Call Canine Famil |     1 |     5 |    22 |     5 ||    33
         Summon Guardian G |       |     1 |     6 |     3 ||    10
  Evoke: Wand              |       |       |     6 |     2 ||     8
    Use: Potion            |       |       |       |     1 ||     1
   Stab: Sleeping          |     1 |     4 |       |       ||     5
         Distracted        |       |       |     2 |       ||     2
 Armour: Robe              |    62 |    67 |    37 |     4 ||   170
  Dodge: Dodged            |   105 |   274 |   177 |    33 ||   589
